 Dungeon Crawl Stone Soup version 0.31.0-32-g396128a36d (webtiles) character file.

Game seed: 16868082343095947346

44799 Peloso the Fencer (level 13, 0/119 HPs)
             Began as a Minotaur Fighter on Mar 17, 2024.
             Was a High Priest of Okawaru.
             Slain by a hell hound (7 damage)
             ... in a volcano.
             The game lasted 00:35:29 (17882 turns).

Peloso the Fencer (Minotaur Fighter)               Turns: 17882, Time: 00:35:31

Health: 0/119      AC: 27    Str: 23    XL:     13   Next: 98%
Magic:  14/14      EV: 13    Int:  7    God:    Okawaru [*****.]
Gold:   1151       SH: 13    Dex: 18    Spells: 12/12 levels left

rFire   + . .        a - +4 scimitar (flame)
rCold   . . .        d - +0 buckler
rNeg    + . .        F - +7 chain mail "Beosk" {rN+ Int+2 Dex+5}
rPois   .            (helmet restricted)
rElec   .            H - +0 cloak
rCorr   .            q - +0 pair of gloves
SInv    .            (no boots)
Will    .....        h - amulet of reflection Stlth
                     T - ring of protection from fire
HPRegen 0.39/turn    J - +4 ring of protection
MPRegen 0.14/turn

%: reflection
@: slowed, very slow
A: horns 2, retaliatory headbutt
a: Renounce Religion, Heroism, Finesse, Duel


You were in a volcano.
You worshipped Okawaru.
Okawaru was extremely pleased with you.
You visited 4 branches of the dungeon, and saw 17 of its levels.
You also visited: Bailey and Volcano.

You collected 1404 gold pieces.
You spent 253 gold pieces at shops.

Inventory:

Hand Weapons
 a - a +4 scimitar of flaming (weapon)
 b - a +1 long sword
Armour
 c - a +0 chain mail
 d - a +0 buckler (worn)
 q - a +0 pair of gloves (worn)
 F - the +7 chain mail "Beosk" (worn) {rN+ Int+2 Dex+5}
   (You found it on level 7 of the Dungeon)

   Int+2:     It affects your intelligence (+2).
   Dex+5:     It affects your dexterity (+5).
   rN+:       It protects you from negative energy.
 H - a +0 cloak (worn)
Jewellery
 g - a ring of see invisible
 h - an amulet of reflection (around neck)
 i - a ring of poison resistance
 u - an amulet of magic regeneration
 v - a +6 ring of strength
 y - an amulet of guardian spirit
 J - a +4 ring of protection (right hand)
 Q - an amulet of faith
 T - a ring of protection from fire (left hand)
 X - a ring of flight
Talismans
 r - a flux talisman
Wands
 s - a wand of digging (5)
 w - a wand of flame (16)
 D - a wand of mindburst (2)
 G - a wand of polymorph (10)
 I - a wand of roots (24)
 L - a wand of quicksilver (4)
Scrolls
 f - 3 scrolls of enchant armour
 j - 8 scrolls of teleportation
 l - 3 scrolls of silence
 m - 2 scrolls of blinking
 p - 3 scrolls of identify
 B - 3 scrolls of fear
 C - a scroll of summoning
 K - a scroll of torment
 M - 3 scrolls of brand weapon
 N - a scroll of enchant weapon
 O - a scroll of acquirement
 R - a scroll of fog
 V - a scroll of vulnerability
Potions
 e - 2 potions of might
 k - 2 potions of haste
 n - 3 potions of magic
 o - 4 potions of curing
 t - 2 potions of enlightenment
 z - a potion of ambrosia
 A - 2 potions of mutation
 E - a potion of resistance
 U - a potion of brilliance
 W - a potion of attraction
Miscellaneous
 S - a lightning rod (4/4)


   Skills:
 + Level 12.7 Fighting
 + Level 15.4 Long Blades
 + Level 13.5 Armour
 + Level 8.1 Dodging
 + Level 1.8 Stealth
 + Level 14.6 Shields
 + Level 3.7 Invocations
 + Level 0.9 Evocations


You had 12 spell levels left.
You didn't know any spells.
Your spell library contained the following spells:

 Spells                   Type           Power      Damage    Failure   Level
 Foxfire                  Conj/Fire      0%         2x1d4     90%         1
 Kiss of Death            Conj/Necr      0%         2d5       90%         1
 Magic Dart               Conj           0%         1d3       90%         1
 Blink                    Tloc           0%         N/A       97%         2
 Ensorcelled Hibernation  Hex/Ice        0%         N/A       97%         2
 Lesser Beckoning         Tloc           0%         N/A       97%         2
 Momentum Strike          Conj/Tloc      0%         3d8       97%         2
 Searing Ray              Conj           0%         2d4       97%         2
 Confusing Touch          Hex            0%         N/A       99%         3
 Frozen Ramparts          Ice            0%         1d1       99%         3
 Inner Flame              Hex/Fire       0%         N/A       99%         3
 Passwall                 Erth           0%         N/A       99%         3
 Sigil of Binding         Hex            0%         N/A       99%         3
 Swiftness                Air            0%         N/A       99%         3
 Volatile Blastmotes      Fire/Tloc      0%         2d10      99%         3
 Dimensional Bullseye     Hex/Tloc       0%         N/A       100%        4
 Dispel Undead            Necr           0%         3d6       100%        4
 Fulminant Prism          Conj/Alch      0%         3d5       100%        4
 Iskenderun's Mystic Bla  Conj/Tloc      0%         2d3       100%        4
 Leda's Liquefaction      Alch/Erth      0%         N/A       100%        4
 Petrify                  Alch/Erth      0%         N/A       100%        4
 Irradiate                Conj/Alch      0%         3d11      100%        5
 Metabolic Englaciation   Hex/Ice        0%         N/A       100%        5
 Plasma Beam              Fire/Air       0%         2x1d10    100%        6
 Starburst                Conj/Fire      0%         6d3       100%        6
 Ignition                 Fire           0%         3d3       100%        8
 Call Canine Familiar     Summ           Unusable   N/A       N/A         3

Dungeon Overview and Level Annotations

Branches:
Dungeon (12/15)            Temple (1/1) D:4            Lair (3/5) D:10
  Swamp (0/4) Lair:2        Snake (0/4) Lair:2          Orc (1/2) D:12
 Bailey (visited)         Volcano (1/1)

Altars:
Ashenzari
Cheibriados
Dithmenos
Elyvilon
Fedhas
Gozag
Hepliaklqana
Kikubaaqudgha
Makhleb
Nemelex Xobeh
Okawaru
Qazlal
Ru
Sif Muna
Trog
Uskayaw
Vehumet
Wu Jian
Xom
Yredelemnul
Zin
The Shining One

Shops:
D:1 (   D:10 ::??

Annotations:
Lair:1 exclusion: 2 oklob plants


Innate Abilities, Weirdness & Mutations

You have a pair of horns on your head.
You reflexively headbutt those who attack you in melee.


Message History

The deep elf archer blinks!
You block the fire elemental's attack. The hell hound bites you!
* * * LOW HITPOINT WARNING * * *
You hit the hell hound but do no damage.
The hell hound is moderately wounded.
The liquid fire burns you!
* * * LOW HITPOINT WARNING * * *
You block the hell hound's attack. You block the fire elemental's attack.
Unknown command.
You hit the hell hound but do no damage.
The hell hound is moderately wounded.
The liquid fire burns you!
* * * LOW HITPOINT WARNING * * *
The hell hound completely misses you. You block the fire elemental's attack.
The deep elf pyromancer gestures at you while chanting.
The bolt of fire hits the fire elemental.
The fire elemental completely resists.
The bolt of fire hits you! You resist.
* * * LOW HITPOINT WARNING * * *
The hell hound misses you. You furiously retaliate!
You headbutt the hell hound!
You hear a shout!
Blink to where?
Press: ? - help, Dir - move target
As you read the scroll of blinking, it crumbles to dust.
The liquid fire burns you!
* * * LOW HITPOINT WARNING * * *
You feel better. The liquid fire burns you!
* * * LOW HITPOINT WARNING * * *
The hell hound closely misses you. You furiously retaliate!
You headbutt the hell hound!
The deep elf pyromancer is engulfed in blazing flames.
Okay, then.
You feel better. The liquid fire burns you!
* * * LOW HITPOINT WARNING * * *
You block the hell hound's attack. The hell hound closely misses you.
The deep elf pyromancer is engulfed in blazing flames.
The hell hound bites you!
You die...

#..≈.##..#≈§##
#.....#..##≈≈#
......#...#≈≈##
≈##'####'##..##§≈#
≈#...#....#...#≈§##
##...##○)e###)##§§#
#..≈..)°○e.#...#§§#
#.....##°°E#.≈.##§≈#
.......#.○Eh@...#≈≈#
'#################≈#


You could see a deep elf archer (repels missiles), a deep elf pyromancer, 2 fire
elementals and a hell hound.

Vanquished Creatures
  2 orc warlords
  Snorg (D:12)
  Erolcha (D:11)
  An alligator (Lair:2)
  2 hydras (Lair:3)
  A centaur warrior (D:10)
  Erica (D:9)
  2 boulder beetles
  A two-headed ogre (D:10)
  5 skeletal warriors
  Lodul (D:11)
  Maurice (D:7)
  9 deep elf pyromancers
  2 orc sorcerers (Orc:1)
  A manticore (D:11)
  A cyclops (D:12)
  2 black mambas
  2 gargoyles
  9 cane toads
  A rime drake (Lair:3)
  The ghost of Loxlax the Trooper, an amateur OnAE (D:3)
  Psyche (D:8)
  2 kobold demonologists
  6 komodo dragons
  5 trolls
  A shadow (D:9)
  Sigmund (D:4)
  A wraith (D:12)
  4 wyverns
  31 yaks
  3 wargs (Orc:1)
  2 basilisks
  3 steam dragons
  2 fire elementals (Volcano)
  2 vampire mosquitoes (D:12)
  2 acid dragons
  13 water moccasins
  5 hell hounds (Volcano)
  A sky beast (D:7)
  A swamp drake (Lair:2)
  4 ice beasts
  13 orc warriors
  7 black bears
  13 ogres
  6 wolves (Lair:1)
  4 centaurs
  2 phantoms (D:5)
  4 bullfrogs
  2 scorpions
  2 gnoll sergeants
  4 wights (D:9)
  5 killer bees (D:8)
  An electric eel (Lair:1)
  A vampire bat (D:4)
  4 howler monkeys
  A gnoll bouda (D:9)
  10 orc priests
  A bullfrog skeleton (D:3)
  2 jellies
  Natasha (thrice) (D:2)
  7 orc wizards
  A howler monkey zombie (D:3)
  A howler monkey skeleton (D:3)
  11 adders
  18 gnolls
  2 shadow imps
  2 white imps
  6 ufetubi
  A ribbon worm (D:2)
  A dart slug (D:4)
  48 orcs
  14 bats
  4 bat skeletons (D:4)
  3 bat zombies (D:4)
  8 endoplasms
  A giant cockroach (D:1)
  14 goblins
  7 hobgoblins
  13 jackals
  16 kobolds
  13 ball pythons
  3 frilled lizards
  6 rats
422 creatures vanquished.

Vanquished Creatures (others)
  An angel (D:3)
  2 killer bees (D:8)
  4 orcs
7 creatures vanquished.

Grand Total: 429 creatures vanquished

Notes
Turn   | Place    | Note
-------+----------+-------------------------------------------
     0 | D:1      | Peloso the Minotaur Fighter began the quest for the Orb.
     0 | D:1      | Reached XP level 1. HP: 19/19 MP: 0/0
    63 | D:1      | Reached XP level 2. HP: 20/27 MP: 1/1
   152 | D:1      | Found Nun Elaz's Weapon Emporium.
   351 | D:1      | Reached XP level 3. HP: 33/33 MP: 2/2
   949 | D:2      | Reached skill level 3 in Long Blades
  1019 | D:2      | Noticed Natasha
  1022 | D:2      | Killed Natasha
  1023 | D:2      | Reached XP level 4. HP: 41/41 MP: 3/3
  1203 | D:2      | Noticed Natasha
  1207 | D:2      | Killed Natasha
  1248 | D:2      | Found a broken altar of Ashenzari.
  1370 | D:2      | Noticed Natasha
  1379 | D:2      | Killed Natasha
  1380 | D:2      | Reached skill level 4 in Long Blades
  1380 | D:2      | Reached skill level 1 in Dodging
  1380 | D:2      | Reached XP level 5. HP: 47/47 MP: 4/4
  1766 | D:3      | Found a shimmering altar of Xom.
  1769 | D:3      | Noticed an angel
  1781 | D:3      | Found a glowing silver altar of Zin.
  1786 | D:3      | Killed an angel
  1817 | D:3      | Found a runed translucent gate.
  1817 | D:3      | Found a runed translucent gate.
  1818 | D:3      | Found a runed translucent gate.
  1819 | D:3      | Noticed Loxlax's ghost (amateur OnAE)
  2138 | D:3      | Identified the +1 robe "Fonar" {*Slow MP+9 Dex+3}
  2345 | D:4      | Reached skill level 5 in Long Blades
  2345 | D:4      | Reached skill level 5 in Armour
  2345 | D:4      | Reached XP level 6. HP: 28/55 MP: 5/5
  2448 | D:4      | Found a staircase to the Ecumenical Temple.
  2455 | Temple   | Entered the Ecumenical Temple
  2476 | Temple   | Became a worshipper of Warmaster Okawaru
  2685 | D:4      | Found an ancient bone altar of Kikubaaqudgha.
  2861 | D:4      | Found a broken altar of Ashenzari.
  2892 | D:4      | Reached skill level 5 in Shields
  2910 | D:4      | Noticed Sigmund
  2922 | D:4      | Killed Sigmund
  2922 | D:4      | Reached * piety under Okawaru
  2923 | D:4      | Reached skill level 5 in Fighting
  2923 | D:4      | Reached skill level 6 in Long Blades
  2923 | D:4      | Reached XP level 7. HP: 61/61 MP: 6/6
  2957 | D:4      | Identified the +3 ring mail of Twilight {rF+ Str+4 SInv}
  3328 | D:5      | Entered Level 5 of the Dungeon
  3526 | D:5      | Reached skill level 7 in Long Blades
  3690 | D:5      | Reached ** piety under Okawaru
  3691 | D:5      | Reached XP level 8. HP: 60/69 MP: 7/7
  4452 | D:6      | Identified the +8 hand axe of Leusiz {drain, rElec}
  4619 | D:6      | Reached skill level 8 in Long Blades
  4937 | D:6      | Reached skill level 1 in Stealth
  5349 | D:7      | Reached skill level 9 in Long Blades
  5535 | D:7      | Reached XP level 9. HP: 65/75 MP: 8/8
  5597 | D:7      | Identified the +7 chain mail "Beosk" {rN+ Int+2 Dex+5}
  5713 | D:7      | Found a blossoming altar of Fedhas.
  5783 | D:7      | Noticed Maurice
  5801 | D:7      | Killed Maurice
  5801 | D:7      | Reached *** piety under Okawaru
  6618 | D:8      | Noticed Psyche
  6638 | D:8      | Reached skill level 10 in Long Blades
  6657 | D:8      | Killed Psyche
  7225 | D:9      | Reached **** piety under Okawaru
  7233 | D:9      | Reached XP level 10. HP: 86/86 MP: 9/9
  7391 | D:9      | Found a flagged portal.
  7400 | Bailey   | Entered a bailey
  7424 | Bailey   | Noticed an orc warlord
  7521 | Bailey   | Found a runed translucent gate.
  7522 | Bailey   | Found a runed translucent gate.
  7523 | Bailey   | Found a runed translucent gate.
  7743 | Bailey   | Killed an orc warlord
  7744 | Bailey   | Reached skill level 11 in Long Blades
  7766 | Bailey   | Identified the staff of Bespelled Conscience {rF+ Int+5
                  | Fire}
  7784 | Bailey   | Reached skill level 12 in Long Blades
  7784 | Bailey   | Reached skill level 10 in Armour
  7784 | Bailey   | Reached skill level 10 in Shields
  7784 | Bailey   | Reached XP level 11. HP: 29/97 MP: 9/12
  9170 | D:9      | Noticed Erica
  9184 | D:9      | Killed Erica
  9511 | D:10     | Entered Level 10 of the Dungeon
  9539 | D:10     | Reached ***** piety under Okawaru
  9577 | D:10     | Found a white marble altar of Elyvilon.
  9592 | D:10     | Noticed a two-headed ogre
  9606 | D:10     | Killed a two-headed ogre
  9648 | D:10     | Found Vipniyts's Book Emporium.
  9703 | D:10     | Found a staircase to the Lair.
  9852 | D:10     | Noticed a centaur warrior
  9878 | D:10     | Killed a centaur warrior
  9882 | D:10     | Reached skill level 10 in Fighting
 10172 | D:10     | Found Qeddumut's Magic Scroll Shoppe.
 10181 | D:10     | Bought a scroll of identify for 22 gold pieces
 10181 | D:10     | Bought a scroll of identify for 22 gold pieces
 10184 | D:10     | Bought a scroll of identify for 22 gold pieces
 10254 | D:10     | Found Seisuh's Book Shoppe.
 10374 | D:10     | Found an ornate altar of the Wu Jian Council.
 10525 | D:10     | Found Oguulego's Magic Scroll Emporium.
 10528 | D:10     | Bought a scroll of brand weapon for 142 gold pieces
 10528 | D:10     | Bought a scroll of teleportation for 45 gold pieces
 10593 | Lair:1   | Entered Level 1 of the Lair of Beasts
 10618 | Lair:1   | Reached skill level 13 in Long Blades
 10649 | Lair:1   | Reached XP level 12. HP: 106/106 MP: 13/13
 11166 | Lair:1   | Found a blossoming altar of Fedhas.
 12307 | Lair:2   | Received a gift from Okawaru
 12357 | Lair:2   | Reached skill level 14 in Long Blades
 12383 | Lair:2   | Found a staircase to the Snake Pit.
 12401 | Lair:2   | Identified the +1 scale mail of Daisies {rElec}
 12499 | Lair:2   | Found a staircase to the Swamp.
 12499 | Lair:2   | Noticed an alligator
 12521 | Lair:2   | Killed an alligator
 13417 | Lair:3   | Noticed a four-headed hydra
 13424 | Lair:3   | Killed a one-headed hydra
 13424 | Lair:3   | Received a gift from Okawaru
 13878 | Lair:3   | Noticed a seven-headed hydra
 13901 | Lair:3   | Killed a four-headed hydra
 14380 | Lair:3   | Received a gift from Okawaru
 14665 | D:11     | Reached XP level 13. HP: 90/116 MP: 14/14
 15253 | D:11     | Noticed Erolcha
 15259 | D:11     | Killed Erolcha
 15557 | D:11     | Noticed Lodul
 15564 | D:11     | Killed Lodul
 15564 | D:11     | Received a gift from Okawaru
 15878 | D:3      | Killed Loxlax's ghost
 16728 | D:12     | Reached skill level 15 in Long Blades
 16839 | D:12     | Found a staircase to the Orcish Mines.
 16860 | D:12     | Identified a scroll of acquirement
 17182 | D:12     | Noticed Snorg
 17200 | D:12     | Killed Snorg
 17200 | D:12     | Received a gift from Okawaru
 17593 | Orc:1    | Entered Level 1 of the Orcish Mines
 17593 | Orc:1    | Noticed an orc warlord
 17611 | Orc:1    | Killed an orc warlord
 17637 | Orc:1    | Found a bloodstained altar of Trog.
 17655 | Orc:1    | Found a dark tunnel.
 17662 | Volcano  | Entered a volcano
 17849 | Volcano  | Received a gift from Okawaru
 17880 | Volcano  | HP: 4/119 [burnt (8)]
 17882 | Volcano  | Slain by a hell hound

Illustrated notes

Levels and vault maps discovered:
D:1:      zelgadis_glass_arrival_small, layout_basic, serial_shops,
          nicolae_shop_bloodbath_and_beyond,
          nicolae_concentric_dashed_squares_mild
D:2:      layout_rooms, basic_altar, minmay_misc_feat_columns, uniq_natasha
D:3:      layout_loops_ring, grunt_temple_overflow_order_and_chaos_1,
          gammafunk_ghost_necromancy, hangedman_decor_opposing
D:4:      layout_loops_ring, cheibrodos_ashenzari_chains,
          kennysheep_vampire_church, minmay_temple_entry_tees, minmay_distorted,
          uniq_sigmund
D:5:      layout_loops_ring, nicolae_hexahallways, serial_bayou_pond_b
D:6:      layout_loops_ring
D:7:      layout_basic, fedhas_ov_isle_minmay, uniq_maurice
D:8:      layout_rooms, minmay_fractal_squares_5, uniq_psyche
D:9:      layout_loops_ring, enter_bailey_3, uniq_erica
D:10:     layout_basic, elyvilon_altar_3, nzn_wu_jian_council_hall,
          lair_entry_dummy, serial_shops, nicolae_take_the_stairs, shop,
          shop_statue, nicolae_shop_rolled_up, st_stairs_4,
          minmay_misc_feat_alley, grunt_decor_mini_mirrors
D:11:     layout_cave_pods, uniq_lodul, uniq_erolcha
D:12:     layout_roguey, hiddenorc1_lemuel, interstate_on_off, uniq_snorg
Temple:   hellmonk_temple_of_storms
Lair:1:   layout_regular_city, hangedman_tree_tricks, grunt_megastairs_2,
          lemuel_fruit_tree, infiniplex_staircase_pool
Lair:2:   layout_misc_corridors, mainiacjoe_swamp_entry_lozenge_pond,
          dummy_snake_entry, beast_lair_carwin_11
Lair:3:   layout_cellular_growth, beast_lair_carwin_5
Orc:1:    layout_diamond_mine, serial_shops, nicolae_shop_gibbet_a_chance,
          enter_volcano_2, basic_altar, lightli_orcish_oven
Volcano:  hellmonk_pyromancer_palace

Skill      XL: |  1  2  3  4  5  6  7  8  9 10 11 12 13 |
---------------+----------------------------------------+-----
Fighting       | 4 5 6 7 9 10 11 12 | 12.7
Armour         | 4 5 6 8 10 12 13 | 13.5
Shields        | 4 5 6 7 8 10 11 12 14 | 14.6
Long Blades    | 3 4 5 6 7 9 10 12 13 14 15 | 15.4
Dodging        | 1 2 3 4 6 7 8 |  8.1
Stealth        | 1 |  1.8
Invocations    | 3 |  3.7
Evocations     | |  0.9

Action                     |  1- 3 |  4- 6 |  7- 9 | 10-12 | 13-15 || total
---------------------------+-------+-------+-------+-------+-------++-------
  Melee: Long sword        |    82 |   151 |   296 |   174 |       ||   703
         Headbutt          |     9 |    25 |    65 |   142 |    91 ||   332
         Scimitar          |       |       |       |   380 |   341 ||   721
 Invoke: Heroism           |       |       |     2 |     4 |     5 ||    11
  Evoke: Wand              |       |       |     5 |     2 |     6 ||    13
    Use: Scroll            |     3 |     2 |     6 |    15 |     4 ||    30
         Potion            |       |       |     2 |     3 |     6 ||    11
 Armour: Scale mail        |    76 |   100 |       |       |       ||   176
         Chain mail        |       |     5 |    83 |   249 |   198 ||   535
         Ring mail         |       |       |   109 |       |       ||   109
  Dodge: Dodged            |    50 |    66 |   138 |   156 |   133 ||   543
  Block: Buckler           |    30 |    41 |   190 |   282 |   207 ||   750
         Reflection        |       |       |     5 |    17 |     7 ||    29
   Form: Flux              |       |       |       |     1 |       ||     1
                           |       |       |       |     1 |       ||     1
